 Dungeon Crawl Stone Soup version 0.29.1-12-g30fa7ad0bf (webtiles) character file.

Game seed: 9498600464770375434

1 Gabide the Trooper (level 1, 0/18 HPs)
             Began as a Formicid Berserker on Dec 17, 2022.
             Was a Follower of Trog.
             Slain by a hobgoblin (3 damage)
             ... on level 1 of the Dungeon.
             The game lasted 00:00:27 (136 turns).

Gabide the Trooper (Formicid Berserker)              Turns: 136, Time: 00:00:28

Health: 0/18       AC:  2    Str: 21    XL:     1   Next: 22%
Magic:  1/1        EV: 12    Int:  6    God:    Trog [*.....]
Gold:   12         SH:  0    Dex: 13    Spells: 0/0 levels left

rFire   . . .      SeeInvis +   a - +0 mace
rCold   . . .      Faith    .   (no shield)
rNeg    . . .      Spirit   .   b - +0 animal skin
rPois   +          Reflect  .   (helmet unavailable)
rElec   .          Harm     .   (no cloak)
rCorr   .          Rampage  .   (no gloves)
Will    .....                   (no boots)
Stlth   +.........              (no amulet)
HPRegen 0.06/turn               e - ring of poison resistance
MPRegen 0.07/turn               (no ring)

@: no status effects
A: permanent stasis, dig shafts and tunnels, antennae 3, four strong arms
a: Dig, Shaft Self, Renounce Religion


You were on level 1 of the Dungeon.
You worshipped Trog.
Trog was aware of your devotion.
You visited 1 branch of the dungeon, and saw 1 of its levels.

You collected 12 gold pieces.

Inventory:

Hand Weapons
 a - a +0 mace (weapon)
Armour
 b - a +0 animal skin (worn)
Jewellery
 e - a ring of poison resistance (left hand)
Scrolls
 c - a scroll of noise {unknown}
 f - a scroll of teleportation {unknown}
 g - a scroll of brand weapon {unknown}
 h - a scroll of blinking {unknown}
Potions
 d - a potion of degeneration {unknown}


   Skills:
 - Level 3.2 Fighting
 - Level 3.0 Maces & Flails
 + Level 2.3 Armour
 - Level 1.7 Dodging


You couldn't memorise any spells.
You didn't know any spells.
Your spell library was empty.

Dungeon Overview and Level Annotations

Branches:
Dungeon (1/15)

Altars:


Innate Abilities, Weirdness & Mutations

You cannot be hasted, slowed, berserked, paralysed or teleported.
You can dig through walls and to a lower floor.
You have a pair of large antennae on your head. (SInv)
Your four strong arms can wield two-handed weapons with a shield.


Message History

No target in view!
Found a pair of boots.
Found a stone staircase leading down.
There is a stone staircase leading down here.
h - a scroll labelled BOUFRE AQYRAI
Found 4 stones.
No target in view!
Press: ? - help, v - describe, . - travel, g - get item Item here: 4 stones.
The floor.
A hobgoblin comes into view.
A ball python comes into view.
The hobgoblin shouts!
A ball python comes into view.
You see here a +0 pair of boots.
The ball python hisses angrily.
The ball python bites you. The ball python grabs you.
The ball python constricts you.
You hit the ball python.
The ball python is severely wounded.
The hobgoblin hits you. The ball python bites you.
The ball python constricts you.
You barely miss the ball python.
The ball python is severely wounded.
The hobgoblin hits you. The ball python closely misses you.
The ball python constricts you. The ball python closely misses you.
The hobgoblin barely misses you. The ball python bites you.
The ball python constricts you.
You are too injured to fight recklessly!
You are too injured to fight recklessly!
The ball python's grasp on you weakens, but your attempt to escape fails.
The ball python bites you.
* * * LOW HITPOINT WARNING * * *
The ball python barely misses you. The ball python constricts you.
The hobgoblin hits you but does no damage.
You escape the ball python's grasp.
The ball python attacks as you move away!
The ball python bites you.
* * * LOW HITPOINT WARNING * * *
The ball python closely misses you. The hobgoblin hits you.
You die...

....##.......# #.#
##.†.........# ###.####...
#...##.......###..........
#.#.########.##..#.####...
..#.# #.>...#.# ##..#
#.....#.# ##.##
####.....#.# ##.#
#.....[...># ##.#
#..##...S@### ##.# ##
#...gS♣ ##.# #....P~~ ##.#
##..~~~PP~ .#.#
#..~~~~~P~~ .#.#
#.......... ...#
#..♣~~~~~~P #..#
#.##♣~~~~~P ####


You could see a hobgoblin and 2 ball pythons.

Vanquished Creatures
  A ball python (D:1)
  A bat (D:1)
2 creatures vanquished.

Notes
Turn   | Place    | Note
-------+----------+-------------------------------------------
     0 | D:1      | Gabide the Formicid Berserker began the quest for the Orb.
     0 | D:1      | Reached XP level 1. HP: 18/18 MP: 1/1
   136 | D:1      | Slain by a hobgoblin

Illustrated notes

Levels and vault maps discovered:
D:1:      ebering_trefoil_twist, layout_rooms, kennysheep_crisscross,
          serial_bayou_lagoon_b

Action                   || total
-------------------------++-------
Melee: Mace              ||     9
Armor: Animal skin       ||     4
Dodge: Dodged            ||    14
